 Dungeon Crawl Stone Soup version 0.29.1-14-g9c671dbff4 (webtiles) character file.

Game seed: 1853133233771084317

1731 Barneous the Sneak (level 9, -1/56 HPs)
             Began as an Octopode Venom Mage on Feb 13, 2023.
             Slain by a gnoll bouda
             ... wielding a +0 whip
              (9 damage)
             ... on level 7 of the Dungeon.
             The game lasted 00:26:17 (7054 turns).

Barneous the Sneak (Octopode Venom Mage)            Turns: 7054, Time: 00:26:18

Health: -1/56      AC:  1    Str:  7    XL:     9   Next: 5%
Magic:  15/25      EV: 15    Int: 21    God:
Gold:   403        SH:  0    Dex: 13    Spells: 9/17 levels left

rFire   . . .      SeeInvis .   c - +2 dagger (protect)
rCold   . . .      Faith    .   (no shield)
rNeg    . . .      Spirit   .   (helmet restricted)
rPois   .          Reflect  .   f - amulet of regeneration
rElec   .          Harm     .   d - ring of magical power
rCorr   .          Rampage  .   (no ring)
Will    .....                   (no ring)
Stlth   +++++.....              (no ring)
HPRegen 0.98/turn               (no ring)
MPRegen 0.19/turn               (no ring)
                                (no ring)
                                (no ring)

@: hasted, very quick
A: almost no armour, amphibious, 8 rings, camouflage 1, gelatinous body 1,
(nimble swimmer 1), tentacles, robust 1
a: no special abilities


You were on level 7 of the Dungeon.
You visited 2 branches of the dungeon, and saw 8 of its levels.

You collected 403 gold pieces.

Inventory:

Hand Weapons
 c - a +2 dagger of protection (weapon)
Missiles
 m - a throwing net
Jewellery
 d - a ring of magical power (left tentacle)
 f - an amulet of regeneration (around mantle)
 g - an amulet of faith
 i - a ring of magical power
Wands
 k - a wand of charming (1)
 o - a wand of flame (8)
Scrolls
 h - 3 scrolls of teleportation
 l - a scroll of enchant armour
 p - a scroll of fear
Potions
 a - a potion of magic
 b - a potion of curing
 e - 3 potions of haste
 j - a potion of flight
 n - a potion of berserk rage
 q - 3 potions of lignification {unknown}
 r - a potion of cancellation {unknown}
 s - a potion of invisibility {unknown}


   Skills:
 + Level 5.4 Dodging
 + Level 7.5 Stealth
 + Level 4.9 Spellcasting
 + Level 4.9 Transmutations
 + Level 7.0 Poison Magic


You had 9 spell levels left.
You knew the following spells:

 Your Spells              Type           Power      Damage    Failure   Level
a - Sting                 Tmut/Pois      100%       1d8       1%          1
b - Poisonous Vapours     Pois/Air       40%        N/A       3%          2
c - Call Canine Familiar  Summ           5%         N/A       32%         3
d - Scorch                Fire           10%        2d6       17%         2

Your spell library contained the following spells:

 Spells                   Type           Power      Damage    Failure   Level
 Olgreb's Toxic Radiance  Pois           34%        N/A       6%          4
 Mephitic Cloud           Conj/Pois/Air  15%        N/A       12%         3
 Gell's Gravitas          Tloc           5%         N/A       32%         3
 Lesser Beckoning         Tloc           5%         N/A       32%         3
 Portal Projectile        Hex/Tloc       10%        N/A       32%         3
 Teleport Other           Tloc           5%         N/A       32%         3
 Flame Wave               Conj/Fire      5%         2d5       73%         4
 Leda's Liquefaction      Hex/Erth       2%         N/A       73%         4
 Summon Cactus Giant      Summ           2%         N/A       100%        6


Dungeon Overview and Level Annotations

Branches:
Dungeon (7/15)             Temple (1/1) D:6

Altars:
Ashenzari
Cheibriados
Elyvilon
Hepliaklqana
Makhleb
Nemelex Xobeh
Okawaru
Ru
Trog
Uskayaw
Vehumet
Wu Jian
Xom
Yredelemnul
Zin
The Shining One
Lugonu


Innate Abilities, Weirdness & Mutations

You cannot wear most types of armour.
You are amphibious.
You can wear up to eight rings at the same time.
Your skin changes colour to match your surroundings (Stealth+).
Your rubbery body absorbs attacks. (AC +1, EV +1)
((You are camouflaged when in or above water. (Stealth+)))
You have tentacles for arms and can constrict up to eight enemies at once.
You are robust. (+10% HP)


Message History

Confirm with . or Enter, or press ? or * to list all spells.
Aiming: Poisonous Vapours (safe; 3% risk of failure)
Press: ? - help, Dir - move target, f - orc warrior
Aim: an orc warrior, wielding a +0 halberd and wearing a +0 plate armour Poisonous vapours surround the orc warrior!
The orc warrior is poisoned.
Casting: Poisonous Vapours (safe; 3% risk of failure)
Confirm with . or Enter, or press ? or * to list all spells.
Aiming: Poisonous Vapours (safe; 3% risk of failure)
Press: ? - help, Dir - move target, f - orc, p - orc warrior
Aim: an orc, wielding a +0 hand axe and wearing a +0 leather armour Poisonous vapours surround the orc!
The orc is poisoned.
The orc warrior hits you from afar with a +0 halberd!
The orc wizard mumbles some strange words.
The orc wizard flickers and vanishes!
Deactivating autopickup; reactivate with Ctrl-A.
Casting: Poisonous Vapours (safe; 3% risk of failure)
Confirm with . or Enter, or press ? or * to list all spells.
Aiming: Poisonous Vapours (safe; 3% risk of failure)
Press: ? - help, Dir - move target, f - gnoll bouda, p - orc
Aim: a gnoll bouda, wielding a +0 whip and wearing a +0 leather armour Poisonous vapours surround the gnoll bouda!
The gnoll bouda is poisoned.
The orc warrior hits you from afar with a +0 halberd!
You barely miss the gnoll bouda. You grab the gnoll bouda.
You squeeze the gnoll bouda!
The gnoll bouda is heavily wounded.
You constrict the gnoll bouda, but do no damage.
You kill the orc!
The orc warrior hits you from afar with a +0 halberd!!
A magic dart appears from out of thin air!
The magic dart hits you.
The gnoll bouda hits you with a +0 whip!
* * * LOW HITPOINT WARNING * * *
You feel yourself speed up.
You constrict the gnoll bouda, but do no damage.
The orc warrior barely misses you.
An orc comes into view. It is wielding a +0 hand axe.
The gnoll bouda hits you with a +0 whip!
You die...

#... ..#
#.# #o###
#..o##
###..##
##{.##
##o)#####
##.@g..#
#####..#
# ..# .#
#
####.###
...g.g.g
.g...###
......g.
<.....#


You could see an orc warrior (poisoned), a gnoll bouda (poisoned) and 2 orcs.

Vanquished Creatures
  Grinder (D:6)
  Prince Ribbit (D:6)
  2 water moccasins (D:6)
  A sky beast (D:7)
  2 ogres (D:5)
  Blork the orc (D:5)
  2 necrophages
  3 jellies
  An orc priest (D:3)
  5 hounds
  3 iguanas
  Ijyb (D:5)
  3 orc wizards
  5 gnolls
  4 adders
  A white imp (D:5)
  4 ufetubi
  A worm (D:2)
  2 dart slugs
  27 orcs
  7 bats
  11 endoplasms
  4 giant cockroaches
  7 goblins
  4 hobgoblins
  2 jackals (D:4)
  2 quokkas
  4 ball pythons
  5 frilled lizards
  5 kobolds
  6 rats
127 creatures vanquished.

Notes
Turn   | Place    | Note
-------+----------+-------------------------------------------
     0 | D:1      | Barneous the Octopode Venom Mage began the quest for the
                  | Orb.
     0 | D:1      | Reached XP level 1. HP: 11/11 MP: 3/3
   248 | D:1      | Reached XP level 2. HP: 17/17 MP: 3/5
   806 | D:1      | Reached XP level 3. HP: 19/21 MP: 0/6
  1796 | D:2      | Reached XP level 4. HP: 27/27 MP: 7/7
  1957 | D:2      | Gained mutation: You are robust. (+10% HP) [potion of
                  | mutation]
  2112 | D:2      | Identified the +1 leather armour of the Iron Devil {Regen+
                  | Str+2 Dex+3}
  2486 | D:3      | HP: 1/29 [orc/+0 mace (6)]
  2490 | D:3      | Reached XP level 5. HP: 10/34 MP: 9/9
  2931 | D:3      | Found a shimmering altar of Xom.
  2935 | D:3      | Found a glowing golden altar of the Shining One.
  2943 | D:3      | Found a snail-covered altar of Cheibriados.
  2945 | D:3      | Found a radiant altar of Vehumet.
  2959 | D:3      | Found a bloodstained altar of Trog.
  2961 | D:3      | Found a basalt altar of Yredelemnul.
  3065 | D:3      | Found a white marble altar of Elyvilon.
  3589 | D:4      | Found a hide-covered altar of Uskayaw.
  4046 | D:4      | Reached XP level 6. HP: 39/39 MP: 10/10
  4058 | D:4      | Learned a level 2 spell: Poisonous Vapours
  4144 | D:5      | Entered Level 5 of the Dungeon
  4175 | D:5      | Reached skill level 5 in Poison Magic
  4205 | D:5      | Reached skill level 5 in Stealth
  4272 | D:5      | Found a hazy altar of Hepliaklqana.
  4279 | D:5      | Reached XP level 7. HP: 43/45 MP: 12/12
  4471 | D:5      | Noticed Ijyb
  4483 | D:5      | Killed Ijyb
  4488 | D:5      | Noticed Blork the orc
  4502 | D:5      | Killed Blork the orc
  5470 | D:6      | Reached XP level 8. HP: 50/50 MP: 14/14
  5728 | D:6      | Learned a level 3 spell: Call Canine Familiar
  5814 | D:6      | Noticed Grinder
  5816 | D:6      | Found a staircase to the Ecumenical Temple.
  5823 | D:6      | Paralysed by Grinder for 2 turns
  5830 | D:6      | Paralysed by Grinder for 2 turns
  5834 | D:6      | Killed Grinder
  5835 | D:6      | Reached skill level 5 in Dodging
  5842 | Temple   | Entered the Ecumenical Temple
  6205 | D:6      | Learned a level 2 spell: Scorch
  6709 | D:6      | Noticed Prince Ribbit
  6723 | D:6      | Killed Prince Ribbit
  7048 | D:7      | Reached XP level 9. HP: 51/56 MP: 16/16
  7054 | D:7      | Slain by a gnoll bouda

Illustrated notes

Levels and vault maps discovered:
D:1:      minmay_arrival_nine_rooms, layout_basic, minivault_4,
          minmay_door_square
D:2:      layout_rooms, nrook_mini_vaults, minmay_quadrilaterals
D:3:      layout_loops_cross, nicolae_overflow_crystal_walls,
          nicolae_overflow_hallway_of_the_gods, chequers_arboretum
D:4:      layout_gridville, nicolae_uskayaw_murder_on_the_dancefloor,
          minmay_distorted
D:5:      layout_gridville, nicolae_hepliaklqana_hazy_memory,
          nicolae_overflow_hidden_temple, uniq_ijyb, uniq_blork_the_orc
D:6:      layout_layer_cave, minmay_temple_entry_statues, uniq_grinder,
          uniq_prince_ribbit1
D:7:      layout_basic, uniq_pikel
Temple:   corrupted_temple

Skill      XL: |  1  2  3  4  5  6  7  8 |
---------------+-------------------------+-----
Stealth        | 3 4 5 6 7 |  7.5
Poison Magic   | 4 5 7 |  7.0
Transmutations | 2 3 4 |  4.9
Dodging        | 3 4 5 |  5.4
Spellcasting   | 3 4 |  4.9

Action                   |  1- 3 |  4- 6 |  7- 9 || total
-------------------------+-------+-------+-------++-------
Melee: Unarmed           |     4 |       |       ||     4
       Tentacles         |     9 |    34 |    33 ||    76
       Dagger            |    39 |   117 |   138 ||   294
       Constrict         |    10 |    21 |    23 ||    54
       Punch             |     1 |     2 |     5 ||     8
 Cast: Sting             |    38 |    32 |    27 ||    97
       Poisonous Vapours |       |       |    30 ||    30
       Scorch            |       |       |     2 ||     2
Evoke: Wand              |       |       |     4 ||     4
  Use: Potion            |     3 |     6 |     3 ||    12
       Scroll            |     3 |     8 |     8 ||    19
 Stab: Sleeping          |     3 |     8 |     3 ||    14
Armor: Skin              |     6 |    29 |    31 ||    66
Dodge: Dodged            |    20 |    50 |    94 ||   164
